 Dungeon Crawl Stone Soup version 0.21-a0-110-g8e1637b (webtiles) character file.

15628 nikopol the Eclecticist (level 12, -14/60 HPs)
             Began as a Deep Elf Fire Elementalist on July 4, 2017.
             Was a Believer of Vehumet.
             Demolished by Ijustatesigmund's ghost (22 damage)
             ... on level 3 of the Lair of Beasts on July 7, 2017.
             The game lasted 01:01:16 (13546 turns).

nikopol the Eclecticist (DEFE)                     Turns: 13546, Time: 01:01:17

Health: -14/60     AC: 13    Str:  5    XL:     12   Next: 2%
Magic:  28/33      EV: 15    Int: 26    God:    Vehumet [**....]
Gold:   687        SH:  0    Dex: 15    Spells: 30/41 levels left

rFire    + . .     SeeInvis .   H - +6 long sword (protect)
rCold    . . .     Gourm    +   (no shield)
rNeg     . . .     Faith    .   a - +1 robe
rPois    +         Spirit   .   E - +0 helmet
rElec    .         Reflect  .   h - +2 cloak {rPois}
rCorr    .         Harm     .   (no gloves)
MR       +....                  I - +0 pair of boots
Stlth    +++.......             k - amulet of the gourmand
HPRegen  0.20/turn              r - +5 ring of protection
MPRegen  0.23/turn              s - ring of protection from fire

@: no status effects
A: no striking features
a: Renounce Religion


You were on level 3 of the Lair of Beasts.
You worshipped Vehumet.
Vehumet was pleased with you.
You were completely stuffed.

You visited 3 branches of the dungeon, and saw 13 of its levels.

You collected 920 gold pieces.
You spent 233 gold pieces at shops.

Inventory:

Hand Weapons
 H - a +6 long sword of protection (weapon)
Armour
 a - a +1 robe (worn)
 h - a +2 cloak of poison resistance (worn)
 E - a +0 helmet (worn)
 I - a +0 pair of boots (worn)
 Q - a scarf of resistance
Magical Staves
 V - an uncursed staff of air
Jewellery
 g - an uncursed ring of ice
 k - an amulet of the gourmand (around neck)
 r - a +5 ring of protection (left hand)
 s - a ring of protection from fire (right hand)
 K - the ring "Burha" {rC+ MR- MP+9 Dex+2}
   (You found it on level 7 of the Dungeon)

   [ring of dexterity]

   It affects your dexterity (+2).
   It protects you from cold.
   It affects your resistance to hostile enchantments.
   It affects your magic capacity (+9).
Wands
 D - a wand of digging (8/24)
 O - a wand of scattershot (2/9)
 T - a wand of confusion (26/48)
Scrolls
 d - 2 scrolls of teleportation
 e - 2 scrolls of enchant weapon {unknown}
 i - a scroll of recharging {unknown}
 j - 3 scrolls of enchant armour
 l - 4 scrolls of amnesia
 o - a scroll of fog {unknown}
 t - 3 scrolls of remove curse
 x - 2 scrolls of magic mapping {unknown}
 y - 3 scrolls of immolation {unknown}
 J - a scroll of fear
 N - a scroll of noise {unknown}
Potions
 m - 2 potions of resistance
 n - a potion of invisibility
 p - 5 potions of curing
 q - a potion of magic
 v - a potion of cancellation
 z - a potion of agility
 A - 2 potions of ambrosia
 C - 2 potions of brilliance
 L - a potion of haste
 M - a potion of heal wounds
 U - a potion of might {unknown}
Books
 b - a book of Flames

   Spells                             Type                      Level
   a - Flame Tongue                   Conjuration/Fire             1
   b - Throw Flame                    Conjuration/Fire             2
   c - Conjure Flame                  Conjuration/Fire             3
   d - Inner Flame                    Hexes/Fire                   3
   e - Sticky Flame                   Conjuration/Fire             4
   f - Fireball                       Conjuration/Fire             5
 w - a book of Changes

   Spells                             Type                      Level
   a - Beastly Appendage              Transmutation                1
   b - Sticks to Snakes               Transmutation                2
   c - Spider Form                    Transmutation/Poison         3
   d - Ice Form                       Ice/Transmutation            4
   e - Blade Hands                    Transmutation                5
 F - a book of Misfortune

   Spells                             Type                      Level
   a - Confusing Touch                Hexes                        1
   b - Confuse                        Hexes                        3
   c - Gell's Gravitas                Translocation                3
   d - Petrify                        Transmutation/Earth          4
   e - Metabolic Englaciation         Hexes/Ice                    5
   f - Yara's Violent Unravelling     Hexes/Transmutation          5
 R - a book of Unlife

   Spells                             Type                      Level
   a - Recall                         Summoning/Translocation      3
   b - Animate Dead                   Necromancy                   4
   c - Control Undead                 Necromancy                   4
   d - Cigotuvi's Embrace             Necromancy                   5
   e - Death Channel                  Necromancy                   6
   f - Simulacrum                     Ice/Necromancy               6
 S - a book of Battle

   Spells                             Type                      Level
   a - Infusion                       Charms                       1
   b - Shroud of Golubria             Charms/Translocation         2
   c - Song of Slaying                Charms                       2
   d - Spectral Weapon                Hexes/Charms                 3
   e - Regeneration                   Charms/Necromancy            3
Miscellaneous
 G - a fan of gales
Comestibles
 c - 12 bread rations
 f - 6 royal jellies
 u - 6 fruits
 B - 2 meat rations
 W - 7 chunks of flesh


   Skills:
 + Level 1.0 Fighting
   Level 0.8(1.2) Short Blades
 + Level 1.2(1.3) Long Blades
 + Level 4.8 Dodging
 + Level 4.5 Stealth
 + Level 15.1 Spellcasting
 + Level 11.4 Conjurations
 + Level 11.5 Fire Magic
 + Level 0.2 Evocations


You had 30 spell levels left.
You knew the following spells:

 Your Spells              Type           Power        Failure   Level  Hunger
a - Flame Tongue          Conj/Fire      #####        1%          1    None
b - Throw Flame           Conj/Fire      ######       1%          2    None
c - Conjure Flame         Conj/Fire      ######..     1%          3    None
d - Fireball              Conj/Fire      ######....   1%          5    #......


Dungeon Overview and Level Annotations

Branches:
Dungeon (9/15)             Temple (1/1) D:5            Lair (3/6) D:9
  Swamp (0/4) Lair:2
  Snake: Lair:2-4    Spider: Lair:2-4       Orc: D:9-12

Altars:
Ashenzari
Cheibriados
Dithmenos
Elyvilon
Fedhas
Gozag
Hepliaklqana
Kikubaaqudgha
Makhleb
Nemelex Xobeh
Okawaru
Qazlal
Ru
Sif Muna
Trog
Uskayaw
Vehumet
Wu Jian
Xom
Yredelemnul
Zin
The Shining One

Shops:
D:5 *   D:8 [

Annotations:
Lair:3 Ijustatesigmund's ghost, journeyman TrMo


Message History

Aiming: Flame Tongue
Press: ? - help, Shift-Dir - straight line, f/p - Ijustatesigmund's ghost
Aim: Ijustatesigmund's ghost (flame)
The flame tongue misses Ijustatesigmund's ghost.
Ijustatesigmund's ghost is engulfed in blazing flames.
Ijustatesigmund's ghost shouts, "They lied to you.
The Dungeon just goes down and down forever."
Ijustatesigmund's ghost hits you!!!
Ouch! That really hurt!
* * * LOW HITPOINT WARNING * * *
You feel much better.
Ijustatesigmund's ghost is engulfed in blazing flames.
Ijustatesigmund's ghost hits you!!
Ouch! That really hurt!
* * * LOW HITPOINT WARNING * * *
Ijustatesigmund's ghost is engulfed in blazing flames.
Ijustatesigmund's ghost screams, "Don't try to defend!
You have no chance!"
Ijustatesigmund's ghost closely misses you.
There is an escape hatch in the ceiling here.
Ijustatesigmund's ghost hits you!!
You die...

.# #.#..P#### .#
#......#.# .## #.##....##
##..# #....#..## ###P..#
#§##....P##
.....######..#.÷....#####
#.......##..............#
#........W...#.....####..
#..#....@..###.....#
#...#......# ###.###
#<....#.#..# ###
#####...##.# ##....#.###
#.....#.#.##
#....##....##
##..#.####...# #...###
##.##


You could see Ijustatesigmund's ghost.

Vanquished Creatures
  4 two-headed ogres
  The ghost of HAL9000 the Grappler, a novice DrTm of Kikubaaqudgha (D:8)
  4 spiny frogs
  A centaur zombie (D:9)
  3 komodo dragons
  A rime drake (Lair:2)
  2 tengu conjurers (D:9)
  A tyrant leech (Lair:2)
  13 blink frogs
  2 hippogriffs (D:8)
  A spriggan (D:7)
  A hungry ghost (D:9)
  10 yaks
  5 water moccasins
  3 porcupines
  3 orc warriors
  3 ice beasts
  A sky beast (D:7)
  2 phantoms
  A hornet zombie (D:8)
  4 ogres
  3 centaurs
  4 crocodiles
  A big kobold (D:9)
  13 bullfrogs
  3 water moccasin skeletons
  A scorpion (D:8)
  4 killer bees (D:7)
  A crimson imp (D:8)
  A quasit (D:7)
  A bullfrog skeleton (D:8)
  6 hounds
  A jelly (D:5)
  2 orc priests
  A gnoll shaman (D:9)
  An iguana (D:4)
  7 orc wizards
  8 worker ants
  3 hound zombies
  A howler monkey zombie (D:6)
  3 gnolls (D:9)
  A worker ant zombie (D:5)
  13 adders
  An ooze (D:3)
  3 adder zombies
  2 worms (D:2)
  A dart slug (D:2)
  8 leopard geckos
  21 orcs
  6 bats
  5 giant cockroaches
  5 goblins
  5 hobgoblins
  15 jackals
  4 quokkas
  A ball python (D:1)
  5 frilled lizards
  A jackal skeleton (D:5)
  13 kobolds
  A quokka skeleton (D:4)
  7 rats
249 creatures vanquished.

Vanquished Creatures (others)
  A fungus (Lair:2)
  2 plants
3 creatures vanquished.

Grand Total: 252 creatures vanquished

Notes
Turn   | Place    | Note
-------+----------+-------------------------------------------
     0 | D:1      | nikopol the Deep Elf Fire Elementalist began the quest for the Orb.
     0 | D:1      | Reached XP level 1. HP: 10/10 MP: 6/6
   296 | D:1      | Reached XP level 2. HP: 15/15 MP: 6/8
   300 | D:1      | Learned a level 2 spell: Throw Flame
   905 | D:2      | Reached XP level 3. HP: 19/19 MP: 7/9
   926 | D:2      | Learned a level 3 spell: Conjure Flame
  1703 | D:3      | Reached skill level 4 in Spellcasting
  1985 | D:3      | Reached XP level 4. HP: 24/24 MP: 10/12
  2256 | D:3      | Found a deep blue altar of Sif Muna.
  2256 | D:3      | Found an opulent altar of Gozag.
  2547 | D:4      | Reached XP level 5. HP: 20/28 MP: 8/13
  2554 | D:4      | Learned a level 5 spell: Fireball
  2711 | D:4      | Noticed a phantom
  3150 | D:4      | Reached skill level 5 in Spellcasting
  3150 | D:4      | Reached skill level 5 in Fire Magic
  3272 | D:4      | Got a faintly glowing leather armour
  3283 | D:4      | Identified the cursed +1 leather armour of Leapfrog {*Corrode rPois Dex+8} (You found it on level 4 of the Dungeon)
  3431 | D:4      | Found a shattered altar of Ashenzari.
  3435 | D:4      | Saw a vision of the Swamp and the Spider Nest.
  3435 | D:4      | Noticed a redback
  3435 | D:4      | Noticed a wolf spider
  3435 | D:4      | Noticed a redback
  3435 | D:4      | Noticed a wolf spider
  3435 | D:4      | Noticed a water moccasin
  3435 | D:4      | Noticed an alligator
  3435 | D:4      | Noticed a water moccasin
  3436 | D:4      | Noticed a redback
  3437 | D:4      | Noticed a wolf spider
  3438 | D:4      | Noticed a wolf spider
  3438 | D:4      | Noticed a hornet
  3438 | D:4      | Noticed a wolf spider
  3463 | D:4      | Killed a phantom
  3463 | D:4      | Reached XP level 6. HP: 29/32 MP: 2/16
  3732 | D:5      | Entered Level 5 of the Dungeon
  3791 | D:5      | Found Gisim's Assorted Antiques.
  3800 | D:5      | Bought a scroll of identify for 48 gold pieces
  3808 | D:5      | Reached skill level 6 in Spellcasting
  3905 | D:5      | Upgraded the game from 0.21-a0-95-g06f091e to 0.21-a0-104-g7b58145
  4228 | D:5      | Reached XP level 7. HP: 36/36 MP: 13/18
  4265 | D:5      | Reached skill level 7 in Spellcasting
  4885 | D:5      | Found a staircase to the Ecumenical Temple.
  4894 | Temple   | Entered the Ecumenical Temple
  5363 | D:5      | Found a shadowy altar of Dithmenos.
  5862 | D:6      | Reached skill level 8 in Spellcasting
  5862 | D:6      | Reached skill level 5 in Conjurations
  5862 | D:6      | Reached XP level 8. HP: 42/42 MP: 11/22
  6202 | D:6      | You fall through a shaft for 3 floors!
  6222 | D:9      | Noticed a tengu conjurer
  6242 | D:9      | Killed a tengu conjurer
  6479 | D:9      | Noticed a two-headed ogre
  6509 | D:9      | Killed a two-headed ogre
  6509 | D:9      | Reached skill level 10 in Spellcasting
  6509 | D:9      | Reached XP level 9. HP: 46/46 MP: 3/25
  6684 | D:9      | Found a staircase to the Lair.
  6722 | D:8      | Found a glowing golden altar of the Shining One.
  7371 | D:7      | Reached skill level 11 in Spellcasting
  7628 | D:7      | Got a scorched jade ring
  8046 | D:8      | Noticed HAL9000's ghost (novice DrTm)
  8061 | D:8      | Killed HAL9000's ghost
  8239 | D:8      | Identified the ring "Burha" {rC+ MR- MP+9 Dex+2} (You found it on level 7 of the Dungeon)
  8255 | D:8      | Reached XP level 10. HP: 51/51 MP: 21/27
  8502 | D:8      | Found Pubbopn's Armour Shoppe.
  8510 | D:8      | Noticed a two-headed ogre
  8528 | D:8      | Killed a two-headed ogre
  8528 | D:8      | Reached skill level 12 in Spellcasting
  8618 | D:8      | Bought a +2 cloak of poison resistance for 185 gold pieces
  8728 | D:8      | Found a radiant altar of Vehumet.
  8728 | D:8      | Found a shimmering altar of Xom.
  8739 | D:8      | Became a worshipper of Vehumet
  8994 | D:9      | Noticed a two-headed ogre
  9016 | D:9      | Killed a two-headed ogre
  9016 | D:9      | Reached skill level 10 in Fire Magic
  9546 | D:9      | Reached skill level 13 in Spellcasting
  9591 | D:9      | Noticed a two-headed ogre
  9626 | D:9      | HP: 1/51 [two-headed ogre/giant spiked club (16)]
  9628 | D:9      | Killed a two-headed ogre
  9785 | D:9      | Reached XP level 11. HP: 30/55 MP: 21/30
 10256 | D:9      | Reached skill level 10 in Conjurations
 10359 | D:9      | Reached * piety under Vehumet
 10359 | D:9      | Offered knowledge of Sandblast by Vehumet.
 10445 | D:9      | Upgraded the game from 0.21-a0-104-g7b58145 to 0.21-a0-110-g8e1637b
 10773 | Lair:1   | Entered Level 1 of the Lair of Beasts
 11741 | Lair:1   | Reached skill level 14 in Spellcasting
 11851 | Lair:1   | Reached ** piety under Vehumet
 11851 | Lair:1   | Offered knowledge of Sting by Vehumet.
 12158 | Lair:2   | Found a staircase to the Swamp.
 12472 | Lair:2   | Reached skill level 1 in Fighting
 12698 | Lair:2   | Reached skill level 1 in Long Blades
 13070 | Lair:2   | Reached skill level 15 in Spellcasting
 13373 | Lair:3   | Reached XP level 12. HP: 54/60 MP: 23/33
 13532 | Lair:3   | Noticed Ijustatesigmund's ghost (journeyman TrMo)
 13546 | Lair:3   | Demolished by Ijustatesigmund's ghost

Vault maps used:
D:1:      dpeg_arrival_brainrot, minmay_misc_feat_encased
D:2:      minmay_door_square
D:3:      gammafunk_temple_overflow_wave
D:4:      grunt_ashenzari_visionary
D:5:      minmay_temple_entry_poolview, serial_shops,
          nicolae_shop_overgrown_old_shop, first_bread, grunt_dithmenos_shadows
D:7:      the_bakery
D:8:      chequers_temple_overflow_statue_of_worship, serial_shops,
          shop_fountains, basic_altar
D:9:      hangedman_cross_cluster
Temple:   hc_temple_tempest_star
Lair:2:   minmay_swamp_entry_worms

Skill      XL: |  1  2  3  4  5  6  7  8  9 10 11 |
---------------+----------------------------------+-----
Fire Magic     | 4 5 6 7 9 10 11 | 11.5
Spellcasting   | 4 5 6 8 10 11 13 15 | 15.1
Dodging        | 3 4 |  4.8
Conjurations   | 2 3 5 6 7 9 11 | 11.4
Stealth        | 3 4 |  4.5
Fighting       | 1 |  1.0
Long Blades    | 1 |  1.2
Short Blades   | |  0.8
Evocations     | |  0.2

Action                   |  1- 3 |  4- 6 |  7- 9 | 10-12 || total
-------------------------+-------+-------+-------+-------++-------
Melee: Dagger            |       |       |    25 |       ||    25
       Long sword        |       |       |       |     1 ||     1
 Cast: Flame Tongue      |    83 |   111 |   168 |   287 ||   649
       Conjure Flame     |     1 |     2 |    16 |    20 ||    39
       Throw Flame       |       |     6 |    32 |    76 ||   114
       Fireball          |       |       |     8 |    28 ||    36
Evoke: Wand              |       |       |     1 |     1 ||     2
  Use: Scroll            |       |     7 |     2 |    13 ||    22
       Potion            |       |       |       |     2 ||     2
  Eat: Chunk             |    13 |     7 |    14 |    18 ||    52
Armor: Robe              |     8 |    16 |    39 |    30 ||    93
Dodge: Dodged            |    37 |    25 |    58 |    72 ||   192
       Rpst.: Long sword |       |       |       |     9 ||     9
